Map: Acid Plant LE

Players

MuffinPuff - Winner!

  • Race: Terran Terran
  • League: Master
  • Spawn Location: 5:00

shizznit

  • Race: Protoss Protoss
  • League: Master
  • Spawn Location: 11:00

VOD

Have the link to the VOD?

Description

Time

  • Played on: May 28, 2018, 4:09 a.m.
  • Length: 3:38
Show
View Real Time Build Order
Export as new Build Order

MuffinPuff Terran - Winner!

Build Orders: Cyclone Opening 

Get SALT Encoding   

  12  0:01  SCV  
  13  0:13  SCV  
  14  0:17  Supply Depot  
  14  0:25  SCV  
  15  0:30  Refinery  
  15  0:38  SCV  
  16  0:45  Barracks  
  16  0:50  SCV  
  17  1:03  SCV  
  18  1:15  SCV  
  19  1:32  Orbital Command  
  19  1:34  Marine  
  19  1:38  Factory  
  20  1:49  Supply Depot  
  20  1:52  Marine  
  21  2:00  SCV  
  22  2:04  Refinery  
  22  2:09  Marine  
  22  2:14  SCV  
  24  2:22  Cyclone  
  27  2:26  SCV  
  27  2:27  Marine  
  27  2:28  Supply Depot  
  29  2:38  SCV  
  30  2:50  SCV  
  31  2:53  Barracks Reactor  
  31  2:54  Cyclone  
  31  2:56  Supply Depot  
  34  3:02  SCV  
  35  3:08  Bunker  
  35  3:14  SCV  
Show
View Real Time Build Order
Export as new Build Order

shizznit Protoss 

Build Orders: 1 Gate Expand, Oracle Opening 

Get SALT Encoding   

  12  0:01  Probe  
  13  0:13  Probe  
  14  0:17  Pylon  
  14  0:24  Probe  
  15  0:32  Probe  
  15  0:38  Gateway  
  15  0:40  Probe  
  16  0:46  Assimilator  
  17  0:51  Probe  
  18  0:59  Probe  
  19  1:07  Probe  
  20  1:25  Nexus  
  20  1:37  Cybernetics Core  
  20  1:41  Assimilator  
  20  1:45  Probe  
  21  2:00  Pylon  
  21  2:03  Probe  
  22  2:09  Adept  
  22  2:15  Probe  
  22  2:20  Stargate  
  25  2:27  Probe  
  26  2:40  Stalker  
  28  2:51  Oracle  
  28  2:52  Shield Battery  
  28  3:00  Shield Battery  
  28  3:01  Pylon  
Tags
 
Add a new tag
Caveats
  • Supply blocks, unpowered buildings, or Contaminate may cause inaccurate times.
  • Supply counts are checked every 10 seconds.